[Event "ICC tourney 2219 (45 10)"]
[Site "Internet Chess Club"]
[Date "2020.12.19"]
[Round "4"]
[White "Volkov"]
[Black "chessw23"]
[Result "1-0"]
[ICCResult "Black resigns"]
[WhiteElo "2607"]
[BlackElo "1961"]
[Opening "QGD: exchange, positional line"]
[ECO "D35"]
[NIC "QO.16"]
[Time "17:31:49"]
[PlyCount "133"]
[TimeControl "2700+10"]

1. d4 d5 2. c4 e6 3. Nc3 Nf6 4. cxd5 exd5 5. Bg5 Be7 6. e3 h6 7. Bh4 c6 8.
Bd3 Ne4 9. Bg3 Nxg3 10. hxg3 Be6 11. Nge2 Bd6 12. Nf4 Bxf4 13. gxf4 Qd7 14.
Qh5 Qe7 15. f5 Bd7 16. O-O-O b5 17. g4 Na6 18. g5 O-O-O 19. f6 gxf6 20.
gxh6 Rdg8 21. h7 Rg5 22. Qh6 Nc7 23. Rdg1 Ne6 24. Ne2 Kb7 25. f4 Rxg1+ 26.
Rxg1 Nf8 27. Kd2 Nxh7 28. Bxh7 Bf5 29. Rg7 Qb4+ 30. Kd1 Qf8 31. Qxf6 Rxh7
32. Rxh7 Bxh7 33. f5 Kc7 34. Nf4 Kd7 35. Nd3 Qe8 36. Ne5+ Kc7 37. b4 Bg8
38. a3 Bh7 39. Ke2 Bg8 40. Kf3 Kb6 41. Kf4 a5 42. Qd6 axb4 43. axb4 Kb7 44.
Qd7+ Qxd7 45. Nxd7 f6 46. Nxf6 Bf7 47. Ke5 Kc7 48. Ng4 Kd7 49. Kf6 Be8 50.
Ne5+ Kd6 51. Kg7 c5 52. bxc5+ Ke7 53. Nd3 Bh5 54. Nb4 Bf7 55. c6 Be8 56.
Nxd5+ Kd6 57. Nb4 Kc7 58. f6 Kb6 59. f7 Bxf7 60. Kxf7 Ka7 61. Kf6 Kb8 62.
Kf5 Kc7 63. Ke4 Kb6 64. Kd3 Ka5 65. Kc3 Kb6 66. Kb2 Kc7 67. Kb3 { Black
resigns } 1-0

[Event "ICC tourney 2219 (45 10)"]
[Site "Internet Chess Club"]
[Date "2020.12.19"]
[Round "4"]
[White "StayCalm"]
[Black "BranKing"]
[Result "1-0"]
[ICCResult "Black forfeits on time"]
[WhiteElo "2170"]
[BlackElo "2102"]
[Opening "Dutch"]
[ECO "A80"]
[NIC "HD.12"]
[Time "17:31:34"]
[PlyCount "61"]
[TimeControl "2700+10"]

1. d4 f5 2. Nf3 Nf6 3. e3 e6 4. Be2 Be7 5. c4 b6 6. Nc3 Bb4 7. Bd2 O-O 8.
O-O Bb7 9. a3 Bxc3 10. Bxc3 Ne4 11. Be1 d6 12. b4 Rf6 13. Rc1 Rh6 14. d5 e5
15. g3 Bc8 16. Nd2 Nd7 17. f3 Nef6 18. Qc2 f4 19. exf4 exf4 20. g4 Qe7 21.
Nb3 Ne5 22. Nd4 Nexg4 23. fxg4 Qe3+ 24. Kh1 Qxd4 25. g5 Rg6 26. gxf6 Bh3
27. f7+ Kf8 28. Rf2 Rg5 29. Bf3 Kxf7 30. Qe4 Qf6 31. Bc3 { Black forfeits
on time } 1-0

[Event "ICC tourney 2219 (45 10)"]
[Site "Internet Chess Club"]
[Date "2020.12.19"]
[Round "4"]
[White "TjkTiger"]
[Black "marble"]
[Result "1-0"]
[ICCResult "Black resigns"]
[WhiteElo "2602"]
[BlackElo "2537"]
[Opening "English: four knights, Nimzovich variation"]
[ECO "A28"]
[NIC "EO.21"]
[Time "17:32:12"]
[PlyCount "123"]
[TimeControl "2700+10"]

1. c4 e5 2. Nc3 Nc6 3. Nf3 Nf6 4. e4 Bb4 5. d3 d6 6. a3 Bc5 7. b4 Bb6 8.
Na4 Bd4 9. Rb1 Bg4 10. Be2 Bxf3 11. Bxf3 O-O 12. O-O a6 13. Bd2 Ba7 14. g3
Nd4 15. Bg2 Nd7 16. Nc3 c6 17. Kh1 b5 18. Rc1 Nb6 19. Ne2 Na4 20. Nxd4 Bxd4
21. cxb5 cxb5 22. Bh3 Ra7 23. Rc8 Qe7 24. Qg4 Rxc8 25. Qxc8+ Qf8 26. Qc6
Bb6 27. f4 Rc7 28. Qd5 Bd4 29. Bg4 Nb6 30. Qa2 Qd8 31. fxe5 dxe5 32. Bd1
Nc8 33. Bb3 Nd6 34. Qb1 Kh8 35. Qd1 f6 36. Qg4 Qc8 37. Qh4 Bc3 38. Be3 Bd4
39. Bxd4 exd4 40. Qf4 Nf7 41. Bxf7 Rxf7 42. Rc1 Qd8 43. Rc6 h6 44. Kg2 Ra7
45. Qf5 Rc7 46. Qd5 Qxd5 47. exd5 Rd7 48. d6 Kg8 49. Kf3 Kf7 50. Ke4 Ke6
51. Kxd4 f5 52. Kc5 g5 53. d4 f4 54. gxf4 gxf4 55. d5+ Ke5 56. Rc8 Rf7 57.
Re8+ Kf5 58. Kc6 f3 59. Re1 Kf4 60. d7 Rf6+ 61. d6 f2 62. Rf1 { Black
resigns } 1-0

[Event "ICC tourney 2219 (45 10)"]
[Site "Internet Chess Club"]
[Date "2020.12.19"]
[Round "4"]
[White "zuz1209"]
[Black "xiaoqixia"]
[Result "0-1"]
[ICCResult "White resigns"]
[WhiteElo "2228"]
[BlackElo "2174"]
[Opening "Petrov: Nimzovich attack"]
[ECO "C42"]
[NIC "RG.03"]
[Time "17:31:39"]
[PlyCount "92"]
[TimeControl "2700+10"]

1. e4 e5 2. Nf3 Nf6 3. Nxe5 d6 4. Nf3 Nxe4 5. Nc3 Nxc3 6. dxc3 Be7 7. Bf4
Nc6 8. Qd2 Be6 9. O-O-O Qd7 10. Kb1 a6 11. Ng5 Bxg5 12. Bxg5 f6 13. Be3
O-O-O 14. f4 Rhe8 15. h3 Bxa2+ 16. Kxa2 Qe6+ 17. Kb1 Qxe3 18. Bd3 g6 19. h4
Qxd2 20. Rxd2 Ne7 21. h5 Kd7 22. hxg6 hxg6 23. Rh7 Rh8 24. Bxg6 Rxh7 25.
Bxh7 f5 26. Rd3 Ke6 27. Rh3 Kf6 28. Rh6+ Kg7 29. Re6 Rd7 30. Rxe7+ Rxe7 31.
Bxf5 Re1+ 32. Ka2 Rf1 33. Bc8 Rxf4 34. Bxb7 a5 35. Kb3 Kf6 36. Bf3 Ke5 37.
Ka3 d5 38. Kb3 Kd6 39. Ka3 Kc5 40. Kb3 Rh4 41. Ka3 Rh1 42. Ka2 Rc1 43. Kb3
Ra1 44. c4 d4 45. c3 d3 46. Bc6 Kxc6 { White resigns } 0-1

[Event "ICC tourney 2219 (45 10)"]
[Site "Internet Chess Club"]
[Date "2020.12.19"]
[Round "5"]
[White "Volkov"]
[Black "mhebden"]
[Result "1/2-1/2"]
[ICCResult "Game drawn by mutual agreement"]
[WhiteElo "2607"]
[BlackElo "2503"]
[Opening "King's Indian: Gligoric-Taimanov system"]
[ECO "E92"]
[NIC "KI.18"]
[Time "20:00:47"]
[PlyCount "34"]
[TimeControl "2700+10"]

1. d4 Nf6 2. c4 g6 3. Nc3 Bg7 4. e4 d6 5. Nf3 O-O 6. Be2 e5 7. Be3 exd4 8.
Nxd4 Re8 9. f3 Nc6 10. O-O Nh5 11. Qd2 Nf4 12. Rfd1 Nxd4 13. Bxd4 Bxd4+ 14.
Qxd4 Nxe2+ 15. Nxe2 b6 16. Nc3 Bb7 17. Rac1 Qg5 { Game drawn by mutual
agreement } 1/2-1/2

[Event "ICC tourney 2219 (45 10)"]
[Site "Internet Chess Club"]
[Date "2020.12.19"]
[Round "5"]
[White "Chessking2008"]
[Black "StayCalm"]
[Result "1-0"]
[ICCResult "Black resigns"]
[WhiteElo "2197"]
[BlackElo "2170"]
[Opening "King's Indian: orthodox variation"]
[ECO "E94"]
[NIC "KI.15"]
[Time "20:01:13"]
[PlyCount "75"]
[TimeControl "2700+10"]

1. d4 Nf6 2. c4 g6 3. Nc3 Bg7 4. e4 d6 5. Nf3 O-O 6. Be2 e5 7. O-O exd4 8.
Nxd4 Re8 9. f3 c6 10. Nc2 a6 11. Kh1 Qe7 12. Bf4 Bf8 13. Qd2 Nh5 14. Bg5 f6
15. Bh6 Ng7 16. Rad1 Be6 17. Bf4 Rd8 18. c5 Qf7 19. cxd6 g5 20. Bg3 Nh5 21.
Qe1 Nf4 22. Bxf4 gxf4 23. Qh4 Rxd6 24. Qxf4 Rxd1 25. Rxd1 Nd7 26. Qc7 Nc5
27. Qxf7+ Bxf7 28. b4 Ne6 29. Bc4 b5 30. Bb3 Rc8 31. h4 Kg7 32. Rd7 Nd8 33.
Ra7 c5 34. Bxf7 Nxf7 35. Nd5 cxb4 36. Nd4 Bd6 37. Nf5+ Kf8 38. Rxf7+ {
Black resigns } 1-0

[Event "ICC tourney 2219 (45 10)"]
[Site "Internet Chess Club"]
[Date "2020.12.19"]
[Round "5"]
[White "phoenix10q72"]
[Black "drberkley"]
[Result "1-0"]
[ICCResult "Black resigns"]
[WhiteElo "2264"]
[BlackElo "1943"]
[Opening "Pirc defense"]
[ECO "B07"]
[NIC "PU.07"]
[Time "20:00:50"]
[PlyCount "57"]
[TimeControl "2700+10"]

1. e4 d6 2. d4 Nf6 3. Nc3 g6 4. Be3 Bg7 5. f3 a6 6. Qd2 b5 7. g4 h5 8. g5
Nfd7 9. Nh3 e5 10. d5 Nb6 11. Nf2 N8d7 12. a4 b4 13. Ncd1 a5 14. b3 Nc5 15.
Nb2 Qe7 16. Nbd3 Nbd7 17. h4 O-O 18. Be2 Bb7 19. Rd1 Rfd8 20. Nxc5 Nxc5 21.
O-O Bf8 22. Bc4 Bc8 23. Nd3 Qd7 24. Bxc5 dxc5 25. Nxe5 Qh3 26. Qf4 Rd7 27.
Nxd7 Bxd7 28. Rf2 Re8 29. d6 { Black resigns } 1-0

[Event "ICC tourney 2219 (45 10)"]
[Site "Internet Chess Club"]
[Date "2020.12.19"]
[Round "5"]
[White "Solidwrench2"]
[Black "Pifischer"]
[Result "1-0"]
[ICCResult "Black resigns"]
[WhiteElo "1981"]
[BlackElo "1976"]
[Opening "Two knights defense (Modern bishop's opening)"]
[ECO "C55"]
[NIC "IG.01"]
[Time "20:00:39"]
[PlyCount "153"]
[TimeControl "2700+10"]

1. e4 e5 2. Nf3 Nc6 3. Bc4 Nf6 4. d3 d6 5. O-O Be7 6. c3 O-O 7. Re1 h6 8.
h3 Be6 9. Nbd2 Re8 10. Bb5 a6 11. Ba4 b5 12. Bc2 Bf8 13. d4 exd4 14. cxd4
d5 15. e5 Nh7 16. Nf1 Nb4 17. Bb1 c5 18. a3 Nc6 19. dxc5 f5 20. Nd4 Nxd4
21. Qxd4 Ng5 22. Bxg5 hxg5 23. Ba2 Qe7 24. b4 Qf7 25. Rad1 f4 26. Bxd5 Rad8
27. Bxe6 Qxe6 28. Qe4 Rxd1 29. Rxd1 Qxe5 30. Qxe5 Rxe5 31. Nh2 Re2 32. Nf3
Be7 33. Nd4 Ra2 34. c6 Bd6 35. Nxb5 axb5 36. Rxd6 Rc2 37. Rd8+ Kf7 38. Rd7+
Kf6 39. Rb7 Rxc6 40. Rxb5 Ra6 41. Ra5 Rb6 42. Kf1 f3 43. gxf3 Ke6 44. Rxg5
Kf6 45. Rc5 Ra6 46. Ra5 Rd6 47. Ke2 Rc6 48. Rc5 Ra6 49. Rc3 Ke5 50. Ke3 Kd5
51. Rc5+ Kd6 52. Ra5 Rb6 53. Kd4 Rc6 54. Rc5 Ra6 55. Rc3 Ke6 56. b5 Ra4+
57. Kc5 Ra8 58. Re3+ Kd7 59. b6 Ra5+ 60. Kb4 Rh5 61. a4 Kc6 62. Re6+ Kb7
63. a5 Ka6 64. Rg6 Rb5+ 65. Kc4 Rxa5 66. Kd4 Rh5 67. Rxg7 Kxb6 68. Rd7 Kc6
69. Rd8 Rxh3 70. Ke4 Kc7 71. Rd2 Rh8 72. f4 Ra8 73. f5 Ra5 74. Kf4 Kc6 75.
Kg5 Kc5 76. f4 Ra8 77. f6 { Black resigns } 1-0

[Event "ICC tourney 2219 (45 10)"]
[Site "Internet Chess Club"]
[Date "2020.12.19"]
[Round "5"]
[White "Drachekokosnuss"]
[Black "Monkeybomb3605"]
[Result "1/2-1/2"]
[ICCResult "Game drawn by mutual agreement"]
[WhiteElo "2100"]
[BlackElo "2047"]
[Opening "Sicilian: Najdorf, Adams attack"]
[ECO "B90"]
[NIC "SI.14"]
[Time "20:01:32"]
[PlyCount "66"]
[TimeControl "2700+10"]

1. e4 c5 2. Nf3 d6 3. d4 cxd4 4. Nxd4 Nf6 5. Nc3 a6 6. h3 e5 7. Nde2 h5 8.
Ng1 Be6 9. Nf3 Nc6 10. Bg5 Be7 11. Be2 Rc8 12. O-O b5 13. Qd2 O-O 14. Bxf6
Bxf6 15. a4 b4 16. Nd5 a5 17. Rad1 Bxd5 18. Qxd5 Ne7 19. Qd2 Qc7 20. Ne1
Rfd8 21. Bxh5 Qc6 22. Be2 Qxa4 23. f4 exf4 24. Qxf4 Ng6 25. Qf2 Ne5 26. Qg3
Kf8 27. b3 Qc6 28. Rd5 Qb6+ 29. Kh1 Rc5 30. Qe3 Qc6 31. Rxc5 dxc5 32. Nd3
Nxd3 33. Bxd3 Re8 { Game drawn by mutual agreement } 1/2-1/2

[Event "ICC tourney 2219 (45 10)"]
[Site "Internet Chess Club"]
[Date "2020.12.19"]
[Round "5"]
[White "MrNormalName"]
[Black "HR2005"]
[Result "1/2-1/2"]
[ICCResult "White stalemated"]
[WhiteElo "2181"]
[BlackElo "2001"]
[Opening "King's Indian: Gligoric-Taimanov system"]
[ECO "E92"]
[NIC "KI.18"]
[Time "20:01:32"]
[PlyCount "168"]
[TimeControl "2700+10"]

1. d4 Nf6 2. c4 g6 3. Nc3 Bg7 4. e4 d6 5. Nf3 O-O 6. Be2 e5 7. Be3 Ng4 8.
Bg5 f6 9. Bc1 Nc6 10. O-O f5 11. dxe5 Ngxe5 12. exf5 Bxf5 13. Be3 Qf6 14.
Qd2 Be6 15. Nd5 Nxf3+ 16. Bxf3 Qf7 17. Nf4 Bxc4 18. Rfc1 Ne5 19. Bxb7 Rab8
20. Bd5 Bxd5 21. Qxd5 Qxd5 22. Nxd5 c5 23. Rc2 Nd3 24. Ne7+ Kf7 25. Nc6 Rb6
26. Rd1 Rxc6 27. Rxd3 Rb8 28. b3 c4 29. bxc4 Rb1+ 30. Rc1 Rxc1+ 31. Bxc1
Rxc4 32. Be3 Ke6 33. Ra3 Bd4 34. Kf1 Bxe3 35. Rxe3+ Kf6 36. Rf3+ Ke6 37.
Re3+ Kf6 38. Ra3 Rc7 39. Ra6 Ke5 40. Ke2 Rf7 41. Ke3 d5 42. Ra5 g5 43. f3
h5 44. g3 Rc7 45. f4+ gxf4+ 46. gxf4+ Ke6 47. Kd3 Rf7 48. Ra6+ Kf5 49. Rh6
Kg4 50. h3+ Kh4 51. Ke3 d4+ 52. Ke4 Rd7 53. Kd3 Rd5 54. Re6 Kxh3 55. Re5
Rd7 56. Rxh5+ Kg4 57. Re5 Kxf4 58. Re4+ Kf5 59. Rxd4 Rxd4+ 60. Kxd4 Ke6 61.
Kc5 Kd7 62. Kb5 Kc7 63. Ka6 Kb8 64. a4 Ka8 65. a5 Kb8 66. Kb5 Kb7 67. a6+
Kb8 68. Kc5 Kc7 69. Kb5 Kd6 70. Kb4 Kc6 71. Ka4 Kb6 72. Kb4 Kxa6 73. Ka4
Kb6 74. Kb4 a5+ 75. Ka4 Ka6 76. Ka3 Kb5 77. Kb3 a4+ 78. Ka3 Ka5 79. Ka2 Kb4
80. Kb2 a3+ 81. Ka2 Ka4 82. Ka1 Kb3 83. Kb1 a2+ 84. Ka1 Ka3 { White
stalemated } 1/2-1/2

[Event "ICC tourney 2219 (45 10)"]
[Site "Internet Chess Club"]
[Date "2020.12.19"]
[Round "5"]
[White "JQX2019"]
[Black "RG2017"]
[Result "0-1"]
[ICCResult "White resigns"]
[WhiteElo "1911"]
[BlackElo "1989"]
[Opening "QGD: semi-Slav, Marshall gambit"]
[ECO "D31"]
[NIC "SL.06"]
[Time "20:00:55"]
[PlyCount "68"]
[TimeControl "2700+10"]

1. d4 d5 2. c4 e6 3. Nc3 c6 4. e4 dxe4 5. Nxe4 Bb4+ 6. Bd2 Qxd4 7. Bxb4
Qxe4+ 8. Be2 Na6 9. Ba5 Bd7 10. Qd6 Qxg2 11. Bf3 Qg5 12. Bc3 Nf6 13. Rd1
O-O-O 14. b4 e5 15. h4 Qf4 16. b5 Bg4 17. Qe7 Bxf3 18. Nxf3 Qe4+ 19. Kf1
Rxd1+ 20. Kg2 Qg4+ 21. Kh2 Rxh1+ 22. Kxh1 Qxf3+ 23. Kg1 Qxc3 24. bxa6 Qc1+
25. Kg2 bxa6 26. Qxa7 Re8 27. Qc5 Kd7 28. Qa7+ Ke6 29. Qc5 Qf4 30. Qxc6+
Kf5 31. Qxa6 Qg4+ 32. Kf1 Rd8 33. f4 Qf3+ 34. Kg1 Rd1+ { White resigns }
0-1

[Event "ICC tourney 2219 (45 10)"]
[Site "Internet Chess Club"]
[Date "2020.12.19"]
[Round "5"]
[White "xiaoqixia"]
[Black "TjkTiger"]
[Result "0-1"]
[ICCResult "White checkmated"]
[WhiteElo "2174"]
[BlackElo "2602"]
[Opening "Sicilian: accelerated fianchetto, Maróczy bind, 6.Be3"]
[ECO "B38"]
[NIC "SI.43"]
[Time "20:01:32"]
[PlyCount "144"]
[TimeControl "2700+10"]

1. e4 c5 2. Nf3 g6 3. c4 Bg7 4. d4 cxd4 5. Nxd4 Nc6 6. Be3 Qb6 7. Nb5 Qa5+
8. Bd2 Qd8 9. N1c3 a6 10. Na3 d6 11. Be2 Nf6 12. O-O O-O 13. Be3 Be6 14.
Qd2 Rc8 15. Rac1 Qa5 16. f3 Rfe8 17. Rfd1 Nd7 18. Nd5 Qxd2 19. Rxd2 Bxd5
20. exd5 Nb4 21. b3 Nc5 22. Nb1 a5 23. Nc3 b6 24. Nb5 a4 25. Rb1 axb3 26.
axb3 Red8 27. Bd4 Ra8 28. Bxg7 Kxg7 29. Kf2 Ra5 30. Ke3 Rda8 31. Nc7 Ra1
32. Rxa1 Rxa1 33. Rb2 Rg1 34. Kf2 Rc1 35. Ke3 Rg1 36. Kf2 Rh1 37. h3 Ncd3+
38. Bxd3 Nxd3+ 39. Ke3 Nxb2 40. Kd2 Rh2 41. Kc3 Rxg2 42. Na8 Nd1+ 43. Kb4
Rf2 44. Nxb6 Rxf3 45. Nc8 Kf8 46. Na7 g5 47. Nc6 h5 48. Na5 g4 49. hxg4 h4
50. Kb5 h3 51. Kc6 h2 52. b4 h1=Q 53. b5 Qe1 54. Nb7 Rc3 55. Na5 Rxc4+ 56.
Nxc4 Qc3 57. b6 Qxc4+ 58. Kd7 Qxd5 59. g5 Qb7+ 60. Kd8 Qxb6+ 61. Kd7 Qb5+
62. Kd8 Qxg5 63. Kd7 d5 64. Kc6 d4 65. Kb7 d3 66. Kc7 d2 67. Kc8 Qd5 68.
Kc7 Ne3 69. Kb8 Qc4 70. Kb7 d1=Q 71. Kb6 Qb1+ 72. Ka5 Qca2# { White
checkmated } 0-1

[Event "ICC tourney 2219 (45 10)"]
[Site "Internet Chess Club"]
[Date "2020.12.19"]
[Round "5"]
[White "chessw23"]
[Black "KnightHopper"]
[Result "1-0"]
[ICCResult "Black resigns"]
[WhiteElo "1961"]
[BlackElo "2039"]
[Opening "Scandinavian defense"]
[ECO "B01"]
[NIC "SD.03"]
[Time "20:01:32"]
[PlyCount "101"]
[TimeControl "2700+10"]

1. e4 d5 2. exd5 Nf6 3. d4 Bg4 4. Be2 Bxe2 5. Qxe2 Qxd5 6. Nf3 Nc6 7. c4
Qf5 8. d5 Nb4 9. Nd4 Nd3+ 10. Kd2 Nxc1 11. Nxf5 Nxe2 12. Kxe2 g6 13. Ne3
Bg7 14. Nc3 O-O-O 15. Rac1 Rhe8 16. Rhd1 e6 17. dxe6 Rxd1 18. Rxd1 Rxe6 19.
Kf3 c6 20. b3 Nd7 21. Ne4 Ne5+ 22. Kg3 h6 23. f4 Nd3 24. Rxd3 Rxe4 25. Kf3
Rd4 26. Rxd4 Bxd4 27. Ng4 h5 28. Ke4 hxg4 29. Kxd4 Kd7 30. f5 Kd6 31. c5+
Ke7 32. fxg6 fxg6 33. Ke5 b6 34. b4 bxc5 35. bxc5 a5 36. a4 Kd7 37. Kf6 g5
38. g3 Kd8 39. Ke6 Kc7 40. Ke7 Kc8 41. Kd6 Kb7 42. Kd7 Kb8 43. Kxc6 Kc8 44.
Kd6 Kd8 45. c6 Kc8 46. c7 Kb7 47. Kd7 Kb6 48. c8=Q Ka7 49. Qc5+ Kb8 50.
Qb5+ Ka7 51. Kc8 { Black resigns } 1-0

[Event "ICC tourney 2219 (45 10)"]
[Site "Internet Chess Club"]
[Date "2020.12.19"]
[Round "5"]
[White "breaker90"]
[Black "Leolix"]
[Result "1-0"]
[ICCResult "Black resigns"]
[WhiteElo "2112"]
[BlackElo "1947"]
[Opening "Sicilian: Najdorf"]
[ECO "B90"]
[NIC "SI.14"]
[Time "20:01:32"]
[PlyCount "157"]
[TimeControl "2700+10"]

1. e4 c5 2. Nf3 d6 3. d4 cxd4 4. Nxd4 Nf6 5. Nc3 a6 6. f3 e5 7. Nb3 Be6 8.
Be3 Be7 9. Qd2 h5 10. Nd5 Nxd5 11. exd5 Bf5 12. c4 Nd7 13. Rc1 b6 14. Bd3
Bxd3 15. Qxd3 Bg5 16. O-O O-O 17. a4 Rc8 18. Nd2 Nc5 19. Bxc5 bxc5 20. g3
Rb8 21. f4 exf4 22. gxf4 Rxb2 23. Ne4 Bf6 24. Kh1 Bd4 25. Ng5 g6 26. Nf3
Bg7 27. f5 Qf6 28. Rg1 Qxf5 29. Qxf5 gxf5 30. Rg5 f6 31. Rxh5 Ra2 32. Rg1
Kf7 33. Rh7 Rg8 34. Nh4 Rf2 35. Rh5 Rh8 36. Rxf5 Ra2 37. Rf4 Bh6 38. Re4
Be3 39. Re1 f5 40. Rf1 Ra1 41. Rxa1 fxe4 42. Nf5 Bd4 43. Rf1 Kg6 44. Nxd6
e3 45. Ne4 Re8 46. Rg1+ Kh6 47. Ng3 Bc3 48. Ne2 Bd2 49. Kg2 Rf8 50. Rf1
Rg8+ 51. Kh3 Rg6 52. Rf4 Rb6 53. Kg4 Rb1 54. Kf5 Kg7 55. Ke6 Ba5 56. Rg4+
Kh7 57. Re4 Rb8 58. d6 Re8+ 59. Kd5 Rxe4 60. Kxe4 Kg6 61. Kxe3 Kf6 62. Ng3
Ke6 63. Ne4 Bb4 64. h4 a5 65. h5 Ba3 66. Kf4 Bb2 67. h6 Bd4 68. h7 Be5+ 69.
Kg5 Bd4 70. Kg6 Bh8 71. Nxc5+ Kxd6 72. Nb7+ Kc6 73. Nxa5+ Kc5 74. Kf7 Kb4
75. Nc6+ Kxc4 76. Kg8 Bc3 77. Ne7 Kb4 78. Nd5+ Kxa4 79. Nxc3+ { Black
resigns } 1-0

[Event "ICC tourney 2219 (45 10)"]
[Site "Internet Chess Club"]
[Date "2020.12.19"]
[Round "5"]
[White "marble"]
[Black "PawnEatingZombi"]
[Result "1-0"]
[ICCResult "Black resigns"]
[WhiteElo "2537"]
[BlackElo "2197"]
[Opening "Caro-Kann: advance variation"]
[ECO "B12"]
[NIC "CK.04"]
[Time "20:00:44"]
[PlyCount "143"]
[TimeControl "2700+10"]

1. e4 c6 2. d4 d5 3. e5 Bf5 4. h4 h5 5. c4 dxc4 6. Bxc4 e6 7. Nc3 Nd7 8.
Bg5 Be7 9. Qd2 Qb6 10. Nf3 Bg6 11. O-O Bxg5 12. Nxg5 Ne7 13. Ne2 c5 14.
dxc5 Nxc5 15. Nf4 Ne4 16. Nxe4 Bxe4 17. Rad1 O-O 18. Nxh5 Qc5 19. Qe2 Bf5
20. Ng3 Rac8 21. Bb3 Bh7 22. Rfe1 Rfd8 23. Rxd8+ Rxd8 24. Rd1 Rxd1+ 25.
Qxd1 Nc6 26. Qd7 Nxe5 27. Qd8+ Qf8 28. Qc7 Ng4 29. Bd1 Nf6 30. Qxb7 Bd3 31.
Qxa7 Qb4 32. Qe3 Ba6 33. b3 Nd5 34. Qe5 Qd2 35. Bf3 Qxa2 36. Bxd5 exd5 37.
Qxd5 Qb1+ 38. Kh2 Bd3 39. Nh5 Bg6 40. Nf4 Be4 41. Qe5 Kh7 42. Nh5 f6 43.
Qc7 Kh6 44. Nxg7 Qxb3 45. Qf4+ Kxg7 46. Qxe4 Qb2 47. Qg4+ Kh6 48. Qf4+ Kg7
49. g4 Qc3 50. h5 Kh7 51. Qf5+ Kg7 52. Qg6+ Kf8 53. h6 Qf3 54. Kg1 Qd1+ 55.
Kg2 Qd5+ 56. f3 Qd2+ 57. Kh3 Qe1 58. Qxf6+ Ke8 59. Qc6+ Kf8 60. Qd6+ Kg8
61. g5 Qh1+ 62. Kg4 Qg2+ 63. Qg3 Qb2 64. Qf4 Qg2+ 65. Kf5 Qc2+ 66. Qe4 Qc5+
67. Kf4 Qc1+ 68. Kg4 Qg1+ 69. Kf5 Qc5+ 70. Qe5 Qc2+ 71. Kf6 Qg6+ 72. Kxg6 {
Black resigns } 1-0